 Seeded DCSS version 0.30.0-5-g1a98f26d00 (webtiles) character file.

Game seed: 18007716519941398942 (custom seed)

14 IndexError the Chiller (level 2, 20/21 HPs)
             Began as a Demonspawn Ice Elementalist on May 11, 2023.
             Quit the game on level 1 of the Dungeon.
             The game lasted 00:02:24 (226 turns).

IndexError the Chiller (Demonspawn Ice Elementalist) Turns: 226, Time: 00:02:24

Health: 20/21      AC:  2    Str:  8    XL:     2   Next: 31%
Magic:  5/5        EV: 12    Int: 16    God:
Gold:   9          SH:  0    Dex: 13    Spells: 4/5 levels left

rFire   . . .        d - +0 sling
rCold   . . .        (no shield)
rNeg    . . .        a - +0 robe
rPois   .            (no helmet)
rElec   .            (no cloak)
rCorr   .            (no gloves)
SInv    .            (no boots)
Will    .....        (no amulet)
Stlth   ++           (no ring)
HPRegen 0.23/turn    (no ring)
MPRegen 0.09/turn

%: no passive effects
@: no status effects
A: powered by pain 1
a: no special abilities


You were on level 1 of the Dungeon.
You visited 1 branch of the dungeon, and saw 1 of its levels.

You collected 9 gold pieces.

Inventory:

Hand Weapons
 d - a +0 sling (weapon)
   (You found it on level 1 of the Dungeon)
 i - the +5 double sword of Causality {flame, Int+3}
   (You acquired it on level 1 of the Dungeon)

   Int:       It affects your intelligence (+3).
Armour
 a - a +0 robe (worn)
 j - the +0 pair of boots of Taogob {rPois rC+ rCorr}
   (You acquired it on level 1 of the Dungeon)

   rC:        It protects you from cold.
   rPois:     It protects you from poison.
   rCorr:     It protects you from acid and corrosion.
Magical Staves
 k - a staff of cold {rC+}
   (You acquired it on level 1 of the Dungeon)
Jewellery
 f - an amulet of faith {Faith, !P}
   (You found it on level 1 of the Dungeon)
Scrolls
 c - a scroll of magic mapping {unknown}
 h - a scroll of fog {unknown}
Potions
 b - a potion of magic
 e - a potion of berserk rage {unknown}
 g - a potion of might {unknown}


   Skills:
 + Level 1.3 Fighting
 - Level 1.7 Dodging
 - Level 1.7 Stealth
 - Level 2.0 Spellcasting
 + Level 3.9 Ice Magic


You had 4 spell levels left.
You knew the following spells:

 Your Spells              Type           Power      Damage    Failure   Level
a - Freeze                Ice            56%        1d7       4%          1

Your spell library contained the following spells:

 Spells                   Type           Power      Damage    Failure   Level
 Frozen Ramparts          Ice            28%        1d5       12%         3
 Ozocubu's Armour         Ice            14%        N/A       12%         3
 Summon Ice Beast         Ice/Summ       7%         N/A       67%         4


Dungeon Overview and Level Annotations

Branches:
Dungeon (1/15)

Altars:


Innate Abilities, Weirdness & Mutations

You sometimes gain a little power by taking damage.


Message History

You feel energised by your suffering.
Health restored: 21 A hobgoblin comes into view.
The hobgoblin shouts!
MP restored: 5 You shoot a sling bullet.
The sling bullet hits the hobgoblin.
You shoot a sling bullet.
The sling bullet barely misses the hobgoblin.
The hobgoblin barely misses you. The hobgoblin hits you.
You take 2 damage, and have 19/21 hp.
You shoot a sling bullet.
The sling bullet closely misses the hobgoblin.
The hobgoblin hits you but does no damage.
You shoot a sling bullet.
The sling bullet barely misses the hobgoblin.
The hobgoblin barely misses you.
You shoot a sling bullet. The sling bullet hits the hobgoblin.
The hobgoblin hits you.
The hobgoblin hits you but does no damage.
You take 5 damage, and have 15/21 hp.
MASSIVE DAMAGE!!
Casting: Freeze (safe; 4% risk of failure)
Confirm with . or Enter, or press ? or * to list all spells.
Aiming: Freeze (safe; 4% risk of failure)
Press: ? - help, Shift-Dir - straight line, f/p - hobgoblin
Aim: a hobgoblin (severely wounded)
You freeze the hobgoblin.
You now have 4/5 mp.
MP restored: 5 You see here a +0 long sword.
Health restored: 21
g - a metallic green potion A frilled lizard comes into view.
You shoot a sling bullet.
The sling bullet hits the frilled lizard.
You hear a shout!
No target in view!
No target in view!
A kobold comes into view. It is wielding a +0 club.
The kobold shouts!
You shoot a sling bullet.
The sling bullet closely misses the kobold.
The kobold hits you but does no damage. The kobold completely misses you.
Casting: Freeze (safe; 4% risk of failure)
Confirm with . or Enter, or press ? or * to list all spells.
Aiming: Freeze (safe; 4% risk of failure)
Press: ? - help, Shift-Dir - straight line, f/p - kobold
Aim: a kobold, wielding a +0 club You freeze the kobold!
You now have 4/5 mp.
Casting: Freeze (safe; 4% risk of failure)
Confirm with . or Enter, or press ? or * to list all spells.
You can't see any susceptible monsters within range! (Use Z to cast anyway.) Unknown command.
Things that are here:
a +0 club; a kobold corpse MP restored: 5 A goblin comes into view.
It is wielding a +0 dagger.
You see here a scroll labelled UNKIPPOYZU.
h - a scroll labelled UNKIPPOYZU
Casting: Freeze (safe; 4% risk of failure)
Confirm with . or Enter, or press ? or * to list all spells.
You can't see any susceptible monsters within range! (Use Z to cast anyway.) Unknown command.
You shoot a sling bullet.
The sling bullet closely misses the goblin.
You hear an angry hiss.
An endoplasm comes into view.
You shoot a sling bullet. The sling bullet hits the goblin.
A frilled lizard comes into view.
You shoot a sling bullet.
The sling bullet barely misses the frilled lizard.
You shoot a sling bullet.
The sling bullet hits the frilled lizard!
You shoot a sling bullet.
The sling bullet barely misses the endoplasm.
The endoplasm closely misses you. The endoplasm hits you.
You take 2 damage, and have 19/21 hp.
You shoot a sling bullet. The sling bullet hits the endoplasm.
The endoplasm freezes you.
You are frozen.
You take 2 damage, and have 17/21 hp.
Casting: Freeze (safe; 4% risk of failure)
Confirm with . or Enter, or press ? or * to list all spells.
Aiming: Freeze (safe; 4% risk of failure)
Press: ? - help, Shift-Dir - straight line, f/p - endoplasm
Aim: an endoplasm (almost dead)
You freeze the endoplasm!
You now have 4/5 mp.
You see here a frilled lizard corpse.
You see here a +0 dagger.
i - 3 scrolls labelled DICAOL JAOKK This is a scroll of acquirement!
Something appears at your feet!
MP restored: 5
j - the +0 pair of boots of Taogob {rPois rC+ rCorr} Something appears at your feet!
Something appears at your feet!
i - the +5 double sword of Causality {flame, Int+3}
k - a staff of cold {rC+} Unknown command.
Are you sure you want to abandon this character and quit the game? (Confirm with "yes".)

............
..##.#.#####
.###†# # .#
#.# .# #.#
.# #.#
####### .#
#.# #.. ..#
####.#####
#.# #.#
##......)#
#.# #@#
#.#.##.##
#.# #.#
#.#..#.#
##.###.#
#.##.#.#
#..†)..#
#.##.#.#
#..###.#
##.##.#.#
#..# #.#
...##.#.#
#..# ###
#####.#.#
#..#
......#.#
#..#


There were no monsters in sight!

Vanquished Creatures
  3 endoplasms (D:1)
  A goblin (D:1)
  A hobgoblin (D:1)
  4 jackals (D:1)
  2 frilled lizards (D:1)
  A kobold (D:1)
12 creatures vanquished.

Notes
Turn   | Place    | Note
-------+----------+-------------------------------------------
     0 | D:1      | IndexError the Demonspawn Ice Elementalist began the quest
                  | for the Orb.
     0 | D:1      | Reached XP level 1. HP: 13/13 MP: 3/3
    62 | D:1      | Reached skill level 1 in Fighting
    86 | D:1      | Gained mutation: You sometimes gain a little power by
                  | taking damage. [demonic ancestry]
    86 | D:1      | Reached XP level 2. HP: 21/21 MP: 3/5
   221 | D:1      | Identified 3 scrolls of acquirement
   221 | D:1      | Acquired the +0 pair of boots of Taogob {rPois rC+ rCorr}
   223 | D:1      | Acquired the +5 double sword of Causality {flame, Int+3}
   224 | D:1      | Acquired a staff of cold
   226 | D:1      | Quit the game

Illustrated notes

Levels and vault maps discovered:
D:1:      psy_arrival_dodecagon, layout_basic,
          dreamdust_ecumenical_altar_sealed_demon

Skill      XL: |  1 |
---------------+----+-----
Fighting       | 1 |  1.3
Dodging        | |  1.7
Stealth        | |  1.7
Spellcasting   | |  2.0
Ice Magic      | |  3.9

Action                     || total
---------------------------++-------
   Fire: Sling             ||    35
   Cast: Freeze            ||     7
    Use: Scroll            ||     3
 Armour: Robe              ||    10
  Dodge: Dodged            ||    19

Levels and vault maps discovered:
D:1:      psy_arrival_dodecagon, layout_basic,
          dreamdust_ecumenical_altar_sealed_demon

Table legend: (Time is in decaauts)
 A = Elapsed time spent in this place.
 B = Non-inter-level travel time spent in this place.
 C = Inter-level travel time spent in this place.
 D = Time resting spent in this place.
 E = Time spent auto-exploring this place.
 F = Levels seen in this place.
 G = Mean time per level.
                   A        B        C        D        E       F      G
               +--------+--------+--------+--------+--------+-----+--------+
         Total |    239 |    239 |      0 |     17 |     29 |   1 |  239.0 |
       Dungeon |    239 |    239 |      0 |     17 |     29 |   1 |  239.0 |
               +--------+--------+--------+--------+--------+-----+--------+

Top non-repeatable levels by time:
     D:1: 239 daAuts

Table legend:
 A = Kills in this place as a percentage of kills in the entire game.
 B = Kills by you in this place as a percentage of kills by you in the entire game.
 C = Kills by friends in this place as a percentage of kills by friends in the entire game.
 D = Other kills in this place as a percentage of other kills in the entire game.
 E = Experience gained in this place as a percentage of experience gained in the entire game.
 F = Experience gained in this place divided by the number of levels of this place that you have seen.
                   A       B       C       D       E      F
               +-------+-------+-------+-------+-------+----------------------
         Total | 100.0 | 100.0 |   N/A |   N/A | 100.0 |  21.0
       Dungeon | 100.0 | 100.0 |   N/A |   N/A | 100.0 |  21.0
               +-------+-------+-------+-------+-------+----------------------
